 Dungeon Crawl Stone Soup version 0.29-a0-802-g34511f41fd (webtiles) character file.

Game seed: 13378729145856785854

55 polve the Cutter (level 3, -1/29 HPs)
             Began as a Demonspawn Abyssal Knight on July 3, 2022.
             Was a Believer of Lugonu.
             Slain by a goblin
             ... wielding a +0 club
              (4 damage)
             ... on level 2 of the Dungeon.
             The game lasted 00:01:02 (2156 turns).

polve the Cutter (Demonspawn Abyssal Knight)        Turns: 2156, Time: 00:01:02

Health: -1/29      AC:  3    Str: 15    XL:     3   Next: 67%
Magic:  4/4        EV: 11    Int: 11    God:    Lugonu [**....]
Gold:   102        SH:  0    Dex: 13    Spells: 2/2 levels left

rFire   . . .      SeeInvis .   a - +1 short sword
rCold   . . .      Faith    .   (no shield)
rNeg    . . .      Spirit   .   b - +0 leather armour
rPois   .          Reflect  .   (no helmet)
rElec   .          Harm     .   (no cloak)
rCorr   .          Rampage  .   (no gloves)
Will    .....                   (no boots)
Stlth   +.........              (no amulet)
HPRegen 0.09/turn               (no ring)
MPRegen 0.18/turn               (no ring)

@: no status effects
A: magic regeneration
a: Renounce Religion, Depart the Abyss, Bend Space


You were on level 2 of the Dungeon.
You worshipped Lugonu.
Lugonu was pleased with you.
You visited 1 branch of the dungeon, and saw 2 of its levels.
You visited the Abyss 1 time.

You collected 102 gold pieces.

Inventory:

Hand Weapons
 a - a +1 short sword (weapon)
Armour
 b - a +0 leather armour (worn)
 j - a +0 pair of boots
Scrolls
 d - a scroll of brand weapon {unknown}
 e - 5 scrolls of identify {unknown}
 k - a scroll of teleportation {unknown}
Potions
 c - a potion of attraction {unknown}
 f - a potion of mutation {unknown}
 g - a potion of cancellation {unknown}
 h - a potion of brilliance {unknown}
 i - a potion of berserk rage {unknown}


   Skills:
 - Level 3.0 Fighting
 + Level 3.7 Short Blades
 - Level 1.7 Armour
 - Level 0.8 Dodging
 - Level 2.4 Invocations


You had 2 spell levels left.
You didn't know any spells.
Your spell library was empty.

Dungeon Overview and Level Annotations

Branches:
Dungeon (2/15)

Altars:

Shops:
D:1 =


Innate Abilities, Weirdness & Mutations

You regenerate magic rapidly.


Message History

The endoplasm is heavily wounded.
The endoplasm barely misses you.
You hit the endoplasm but do no damage.
The endoplasm is heavily wounded.
The endoplasm hits you.
You hit the endoplasm but do no damage.
The endoplasm is heavily wounded.
The endoplasm barely misses you.
You hit the endoplasm.
You kill the endoplasm!
Lugonu accepts your kill.
You hit the adder.
The adder is moderately wounded.
The adder bites you.
You are poisoned.
The adder poisons you! The adder bites you.
You hit the adder.
The adder is heavily wounded.
You feel sick. The adder closely misses you.
You hit the adder.
The adder is severely wounded.
You feel sick. The adder bites you.
* * * LOW HITPOINT WARNING * * *
You hit the adder.
You kill the adder!
Lugonu accepts your kill.
You feel sick.
You closely miss the goblin.
You feel sick. The goblin barely misses you.
You hit the goblin.
The goblin is moderately wounded.
You feel sick. The goblin closely misses you.
You miss the goblin.
The goblin is moderately wounded.
You feel sick. The goblin hits you but does no damage.
You barely miss the goblin.
The goblin is moderately wounded.
You feel sick.
You are no longer poisoned.
The goblin hits you with a +0 club.
You die...

##########>...................
#.....# #.#.####........#.###
#.....####.#.# ####.......# #
#............# #.......# #
#............#######.......# #
#.................##......####
#.....g.g...#####.######### #.
#.....####.######.###### #.
#.....# #..g@..#......# #.
###.....# ######.#......# #.
#.......# #.#......# #.
#.....### #.#......# #. #.....
#.#......######. #.....
#.#............. #.....
#.##.....##..... #.....
#.....#####..... #.....
###.......#.....


You could see a goblin.

Vanquished Creatures
  2 adders (D:2)
  2 dart slugs
  5 endoplasms
  5 hobgoblins
  2 kobolds (D:1)
  A quokka (D:2)
  4 ball pythons
  2 bats (D:2)
  A frilled lizard (D:1)
  5 goblins
  3 rats (D:2)
32 creatures vanquished.

Vanquished Creatures (others)
  5 plants (D:1)
5 creatures vanquished.

Grand Total: 37 creatures vanquished

Notes
Turn   | Place    | Note
-------+----------+-------------------------------------------
     0 | Abyss:1  | polve the Demonspawn Abyssal Knight began the quest for the
                  | Orb.
     0 | Abyss:1  | Reached XP level 1. HP: 18/18 MP: 2/2
     3 | Abyss:1  | Found a corrupted altar of Lugonu.
     4 | D:1      | Escaped the Abyss
   402 | D:1      | Gained mutation: You regenerate magic rapidly. [demonic
                  | ancestry]
   402 | D:1      | Reached XP level 2. HP: 22/24 MP: 3/3
   637 | D:1      | Found a faded altar of an unknown god.
   762 | D:1      | Found Cecwaump's Jewellery Shop.
  1284 | D:2      | Reached XP level 3. HP: 29/29 MP: 4/4
  2156 | D:2      | Slain by a goblin

Illustrated notes

Levels and vault maps discovered:
D:1:      dpeg_arrival_water_temple_mockup, layout_loops_ring,
          ebering_ecumenical_altar_box, serial_shops, nicolae_shop_crystal,
          serial_bayou_ford_a
D:2:      layout_basic

Skill      XL: |  1  2 |
---------------+-------+-----
Short Blades   | 2 3 |  3.7
Fighting       | |  3.0
Armour         | |  1.7
Dodging        | |  0.8
Invocations    | |  2.4

Action                   || total
-------------------------++-------
Melee: Short sword       ||   101
       Punch             ||     1
Invok: Depart the Abyss  ||     1
 Stab: Sleeping          ||     1
Armor: Leather armour    ||    23
Dodge: Dodged            ||    56

Table legend: (Time is in decaauts)
 A = Elapsed time spent in this place.
 B = Non-inter-level travel time spent in this place.
 C = Inter-level travel time spent in this place.
 D = Time resting spent in this place.
 E = Time spent auto-exploring this place.
 F = Levels seen in this place.
 G = Mean time per level.
                   A        B        C        D        E       F      G
               +--------+--------+--------+--------+--------+-----+--------+
         Total |   2162 |   2138 |     24 |      0 |   1854 |   3 |  720.7 |
       Dungeon |   2158 |   2134 |     24 |      0 |   1851 |   2 | 1079.0 |
         Abyss |      4 |      4 |      0 |      0 |      3 |   1 |    4.0 |
               +--------+--------+--------+--------+--------+-----+--------+

Top non-repeatable levels by time:
     D:2: 1109 daAuts
     D:1: 1049 daAuts
 Abyss:1: 4 daAuts
